 Dungeon Crawl Stone Soup version 0.26.0-8-g74fc34ddfb (webtiles) character file.

Game seed: 3939922505929941636

20 trckry the Ruffian (level 2, -2/23 HPs)
             Began as a Draconian Transmuter on Jan 13, 2021.
             Killed from afar by Sigmund (7 damage)
             ... with a magic dart
             ... on level 2 of the Dungeon.
             The game lasted 00:03:00 (1231 turns).

trckry the Ruffian (Draconian Transmuter)           Turns: 1231, Time: 00:03:01

Health: -2/23      AC:  4    Str: 12    XL:     2   Next: 58%
Magic:  4/5        EV: 12    Int: 13    God:
Gold:   39         SH:  0    Dex: 11    Spells: 4/5 levels left

rFire    . . .     SeeInvis .     - Unarmed
rCold    . . .     Faith    .   (no shield)
rNeg     . . .     Spirit   .   (armour unavailable)
rPois    .         Reflect  .   (helmet currently unavailable)
rElec    .         Harm     .   (no cloak)
rCorr    .         Rampage  .   (no gloves)
Will     .....                  (boots currently unavailable)
Stlth    +.........             (no amulet)
HPRegen  0.07/turn              (no ring)
MPRegen  0.09/turn              (no ring)

@: appendages (expiring)
A: unfitting armour, horns 2, talons 2, cold-blooded, AC +4
a: End Transformation


You were on level 2 of the Dungeon.
You had grown temporary horns.
You had grown temporary talons.
You visited 1 branch of the dungeon, and saw 2 of its levels.

You collected 39 gold pieces.

Inventory:

Missiles
 f - 4 poisoned darts (quivered)
Jewellery
 e - an uncursed ring of fire {unknown}
Scrolls
 a - 3 scrolls of identify {unknown}
 b - 2 scrolls of teleportation {unknown}
 c - a scroll of remove curse {unknown}
 d - a scroll of magic mapping {unknown}
Potions
 g - a potion of curing {unknown}
 h - a potion of flight {unknown}


   Skills:
 - Level 1.1 Fighting
 - Level 1.7 Dodging
 * Level 3.5 Unarmed Combat
 - Level 2.0 Spellcasting
 * Level 2.6 Transmutations


You had 4 spell levels left.
You knew the following spells:

 Your Spells              Type           Power        Failure   Level
a - Beastly Appendage     Tmut           16%          9%          1

Your spell library contained the following spells:

 Spells                   Type           Power        Failure   Level
 Wereblood                Tmut           8%           13%         2
 Spider Form              Tmut/Pois      2%           41%         3
 Ice Form                 Ice/Tmut       4%           82%         4
 Blade Hands              Tmut           4%           93%         5


Dungeon Overview and Level Annotations

Branches:
Dungeon (2/15)

Altars:

Annotations:
D:2 Sigmund


Innate Abilities, Weirdness & Mutations

Your plain brown scales are hard. (AC +4)
You cannot fit into any form of body armour.
You are cold-blooded and may be slowed by cold attacks.
You have a pair of horns on your head.
You have razor-sharp toenails.


Message History

Sigmund barely misses you.
You hit Sigmund. Your kick misses Sigmund.
You tail-slap Sigmund, but do no damage.
Sigmund is severely wounded.
You hit Sigmund. You claw Sigmund.
Sigmund is almost dead.
Sigmund hits you with a +0 scythe!
Ouch! That really hurt!
* * * LOW HITPOINT WARNING * * *
You barely miss Sigmund.
Sigmund is almost dead.
Sigmund misses you.
You hit Sigmund. Your headbutt misses Sigmund.
Sigmund is almost dead.
You closely miss Sigmund.
Sigmund is almost dead.
Your transformation is almost over.
Sigmund points at you and mumbles some strange words.
The magic dart hits you!
You die...

#.###.##
######...#####.#
#.# #.# #......
..# #.###.####
#...### ###
#........#
###...#
#####..##.#..# ..
...#
.......##.#..# .#
.#
##.†....#..####.#
#.#.####.#.#.#.#
#.......#.#.#@#
###..).#.#.#.#@#
####..#.#.#.#.#
###.#.#.#.#.#
..#.#.#.#.#(#
###.#.#.#.#.#(.
#.# #.#.#.#.###
## #.#.#.#.
#.#.#.


You could see Sigmund.

Vanquished Creatures
  A dart slug (D:2)
  A leopard gecko (D:1)
  3 hobgoblins (D:1)
  4 jackals (D:1)
  A ball python (D:1)
  3 bats (D:1)
  A kobold (D:2)
  A rat (D:1)
15 creatures vanquished.

Notes
Turn   | Place    | Note
-------+----------+-------------------------------------------
     0 | D:1      | trckry the Draconian Transmuter began the quest for the
                  | Orb.
     0 | D:1      | Reached XP level 1. HP: 16/16 MP: 3/3
   576 | D:1      | Reached XP level 2. HP: 22/23 MP: 3/5
  1208 | D:2      | Noticed Sigmund
  1231 | D:2      | Killed from afar by Sigmund

Illustrated notes

Levels and vault maps discovered:
D:1:      ncdulo_lavacross, layout_loops_ring
D:2:      layout_loops_cross, minivault_23, uniq_robin, uniq_sigmund

Action                   || total
-------------------------++-------
Melee: Unarmed           ||    66
       Headbutt          ||     9
       Kick              ||    11
       Tailslap          ||     8
       Punch             ||     1
Throw: Dart              ||     4
 Cast: Beastly Appendage ||    13
Armor: Skin              ||    21
Dodge: Dodged            ||    57
